 Dungeon Crawl Stone Soup version 0.22.1-1-ga44c0e56f4 (webtiles) character file.

129 JOKERXD40 the Conjurer (level 4, -8/24 HPs)
             Began as a Deep Elf Conjurer on Nov 11, 2018.
             Mangled by a gnoll
             ... wielding a +0 flail
              (10 damage)
             ... on level 2 of the Dungeon.
             The game lasted 00:06:57 (2282 turns).

JOKERXD40 the Conjurer (Deep Elf Conjurer)          Turns: 2282, Time: 00:06:57

Health: -8/24      AC:  3    Str:  6    XL:     4   Next: 88%
Magic:  17/19      EV: 13    Int: 20    God:
Gold:   74         SH:  0    Dex: 15    Spells: 8/9 levels left

rFire    . . .     SeeInvis .   (no weapon)
rCold    . . .     Gourm    .   (no shield)
rNeg     . . .     Faith    .   a - +0 robe
rPois    .         Spirit   .   (no helmet)
rElec    .         Reflect  .   (no cloak)
rCorr    .         Harm     .   (no gloves)
MR       .....                  h - +0 pair of boots
Stlth    ++........             (no amulet)
HPRegen  0.08/turn              b - ring of magical power
MPRegen  0.16/turn              (no ring)

@: no status effects
A: no striking features
a: no special abilities


You were on level 2 of the Dungeon.
You were not hungry.

You visited 1 branch of the dungeon, and saw 3 of its levels.

You collected 74 gold pieces.

Inventory:

Armour
 a - a +0 robe (worn)
 h - a +0 pair of boots (worn)
Jewellery
 b - a ring of magical power (left hand)
 f - an uncursed ring of protection from fire {unknown}
Scrolls
 d - 6 scrolls of identify {unknown}
 e - 2 scrolls of remove curse {unknown}
Potions
 g - a potion of curing {unknown}
 j - a potion of mutation {unknown}
Comestibles
 c - 4 rations


   Skills:
 - Level 2.7 Dodging
 - Level 2.5 Stealth
 - Level 3.2 Spellcasting
 + Level 6.6 Conjurations


You had 8 spell levels left.
You knew the following spells:

 Your Spells              Type           Power        Failure   Level  Hunger
a - Magic Dart            Conj           ####         1%          1    None

Your spell library contained the following spells:

 Spells                   Type           Power        Failure   Level  Hunger
 Searing Ray              Conj           ####..       1%          2    ##.....
 Iskenderun's Mystic Bla  Conj           ####....     9%          4    ####...
 Dazzling Spray           Conj/Hex       ###...       11%         3    ###....
 Force Lance              Conj/Tloc      ###.....     34%         4    ####...
 Fulminant Prism          Conj/Hex       ###.......   34%         4    ####...


Dungeon Overview and Level Annotations

Branches:
Dungeon (3/15)

Altars:


Message History

The gnoll is too close now for your liking.
Casting: Magic Dart (safe; 1% risk of failure)
Confirm with . or Enter, or press ? or * to list all spells.
Aiming: Magic Dart (safe; 1% risk of failure)
Press: ? - help, Shift-Dir - straight line, f - gnoll
Aim: a gnoll, wielding a flail (hasn't noticed you)
The magic dart hits the gnoll.
The gnoll is lightly wounded.
The gnoll shouts!
You hear a shout!
There is a stone staircase leading up here.
The gnoll hits you with a flail!
* * * LOW HITPOINT WARNING * * *
You climb upwards.
There is a stone staircase leading down here.
Okay, then.
As you read the scroll labeled TAAPSOA ECINE, it crumbles to dust.
It is a scroll of amnesia.
Okay, then.
The gnoll hits you with a flail!
You die...

##############.###..
############## ##.#.##
#.......)....#########.##
#.##########.#.........#
########.# #..(....).(....#<#
#.##.##..# #.#.##...#####.#.#
##...##..# #.#.##...# #.#.#
.....##..#####.#.##...# #.#.#
....###........#@##...# #.#.#
..### ##.#######g##...#####.#.#
..# #.# #.##...........#
.#######.#######.##.#.#####.###
...............[..>...#####.#
################.[..........#
##############


You could see a gnoll.

Vanquished Creatures
  Natasha (D:2)
  A gnoll (D:3)
  2 adders (D:2)
  2 oozes
  4 dart slugs
  2 leopard geckos
  A ball python (D:2)
  2 giant cockroaches (D:2)
  9 goblins (D:1)
  6 hobgoblins
  9 jackals (D:1)
  5 kobolds
  A quokka (D:3)
  4 bats
  A frilled lizard (D:2)
  5 rats (D:1)
  2 fungi (D:2)
57 creatures vanquished.

Notes
Turn   | Place    | Note
-------+----------+-------------------------------------------
     0 | D:1      | JOKERXD40 the Deep Elf Conjurer began the quest for the
                  | Orb.
     0 | D:1      | Reached XP level 1. HP: 10/10 MP: 6/6
    98 | D:1      | Reached XP level 2. HP: 15/15 MP: 3/8
   255 | D:1      | Reached skill level 5 in Conjurations
   479 | D:1      | Reached XP level 3. HP: 19/19 MP: 9/9
  1365 | D:2      | Reached XP level 4. HP: 24/24 MP: 10/10
  1479 | D:2      | Reached skill level 6 in Conjurations
  1502 | D:2      | Noticed Natasha
  1504 | D:2      | Killed Natasha
  2282 | D:2      | Mangled by a gnoll

Skill      XL: |  1  2  3  4 |
---------------+-------------+-----
Conjurations   | 5 6 |  6.6
Dodging        | |  2.7
Stealth        | |  2.5
Spellcasting   | |  3.2

Action                   |  1- 3 |  4- 6 || total
-------------------------+-------+-------++-------
Melee: Unarmed           |       |   117 ||   117
 Cast: Magic Dart        |    73 |    39 ||   112
  Use: Scroll            |       |     1 ||     1
  Eat: Chunk             |       |     3 ||     3
       Ration            |       |     1 ||     1
Armor: Robe              |       |     5 ||     5
Dodge: Dodged            |     2 |     4 ||     6
